 Dungeon Crawl Stone Soup version 0.25-a0-419-g7650d0de75 (webtiles) character file.

Game seed: 10454982055547208968, levelgen mode: deterministic

7192 kae the Frost Mage (level 11, -2/67 (68) HPs)
             Began as a Merfolk Ice Elementalist on Jan 17, 2020.
             Was an Initiate of Ru.
             Slain by a yak (17 damage)
             ... on level 8 of the Dungeon.
             The game lasted 00:21:19 (14685 turns).

kae the Frost Mage (Merfolk Ice Elementalist)      Turns: 14685, Time: 00:21:19

HP:   -2/67 (68)    AC:  5    Str: 12    XL:     11   Next: 11%
MP:   19/23         EV: 13    Int: 15    God:    Ru [......]
Gold: 315           SH:  0    Dex: 14    Spells: 14/26 levels left

rFire    . . .     SeeInvis .   I - +5 trident (freeze)
rCold    . . .     Gourm    .   (no shield)
rNeg     . . .     Faith    .   a - +0 robe
rPois    .         Spirit   .   D - +1 hat
rElec    .         Reflect  .   (no cloak)
rCorr    +         Harm     .   g - +1 pair of gloves
MR       .....                  (no boots)
Stlth    +++.......             l - amulet of magic regeneration
HPRegen  0.21/turn              n - ring of stealth
MPRegen  0.43/turn              h - ring of resist corrosion

@: no status effects
A: change form in water, swift swim, stealthy swim
a: Renounce Religion


You were on level 8 of the Dungeon.
You worshipped Ru.
Ru was noncommittal.
You were not hungry.

You visited 2 branches of the dungeon, and saw 10 of its levels.
You also visited: Bailey.

You collected 441 gold pieces.
You spent 126 gold pieces at shops.

Inventory:

Hand Weapons
 I - a +5 trident of freezing (weapon)
Missiles
 d - 8 silver javelins (quivered)
Armour
 a - a +0 robe (worn)
 g - a +1 pair of gloves (worn)
 D - a +1 hat (worn)
Jewellery
 e - an uncursed ring of positive energy
 h - a ring of resist corrosion (right hand)
 l - an amulet of magic regeneration (around neck)
 n - a ring of stealth (left hand)
Wands
 x - a wand of enslavement (10)
 y - a wand of random effects (14)
Scrolls
 j - 2 scrolls of fog
 m - a scroll of identify
 p - a scroll of torment {unknown}
 q - 2 scrolls of remove curse
 r - 3 scrolls of teleportation
 u - a scroll of amnesia
Potions
 b - 2 potions of flight
 f - a potion of heal wounds
 i - 2 potions of haste
 o - 3 potions of agility
 w - 3 potions of brilliance
 A - a potion of berserk rage
 B - 2 potions of mutation
 E - 2 potions of cancellation
Comestibles
 c - 18 rations


   Skills:
 + Level 11.2 Polearms
 - Level 2.6 Dodging
 - Level 2.1 Stealth
 + Level 8.1 Spellcasting
 * Level 13.4 Ice Magic


You had 14 spell levels left.
You knew the following spells:

 Your Spells              Type           Power        Failure   Level  Hunger
a - Freeze                Ice            ####         1%          1    None
b - Ozocubu's Armour      Chrm/Ice       ####....     2%          3    ##.....
c - Hailstorm             Conj/Ice       ####....     8%          4    ####...
d - Summon Ice Beast      Ice/Summ       ####....     8%          4    ####...

Your spell library contained the following spells:

 Spells                   Type           Power        Failure   Level  Hunger
 Infusion                 Chrm           #...         12%         1    None
 Shock                    Conj/Air       #...         12%         1    None
 Shroud of Golubria       Chrm/Tloc      #.....       19%         2    None
 Song of Slaying          Chrm           #.......     19%         2    None
 Swiftness                Chrm/Air       #.......     19%         2    None
 Spectral Weapon          Hex/Chrm       #.......     34%         3    ##.....
 Static Discharge         Conj/Air       #.......     34%         3    ##.....
 Airstrike                Air            #.........   75%         4    ####...
 Lightning Bolt           Conj/Air       #.........   97%         5    #####..


Dungeon Overview and Level Annotations

Branches:
Dungeon (9/15)             Temple (1/1) D:7            Lair (0/6) D:9
 Bailey (visited)
    Orc: D:9-12

Altars:
Ashenzari
Cheibriados
Dithmenos
Elyvilon
Fedhas
Gozag
Hepliaklqana
Kikubaaqudgha
Makhleb
Nemelex Xobeh
Okawaru
Qazlal
Ru
Sif Muna
Trog
Uskayaw
Vehumet
Wu Jian
Xom
Yredelemnul
Zin
The Shining One

Shops:
D:4 !   D:7 }

Annotations:
D:9 exclusion: 3 oklob plants


Message History

The yak gores you!
Casting: Freeze (safe; 1% risk of failure)
Confirm with . or Enter, or press ? or * to list all spells.
Aiming: Freeze (safe; 1% risk of failure)
Press: ? - help, Shift-Dir - straight line, f/p - yak
Aim: a yak (heavily wounded)
You freeze the yak.
The yak is severely wounded.
The yak gores you!
* * * LOW HITPOINT WARNING * * *
Unknown command.
Casting: Freeze (safe; 1% risk of failure)
Confirm with . or Enter, or press ? or * to list all spells.
Aiming: Freeze (safe; 1% risk of failure)
Press: ? - help, Shift-Dir - straight line, f/p - yak
Aim: a yak (severely wounded)
You freeze the yak.
The yak is severely wounded.
The yak gores you!
You die...

...'..............#....#
...#[.............#....#
...#..............#....#
#..###..##...##...#....#
#..###..#######...#....#
#............#....#....#
#(...........#....#....#
#...........[#...[#....#
#............[.Y@)#....#
#...##'##....##).[#....#
#+####.##....##...#....#
#......#.....#....#....#
#......'.....#....#....#
#......#.....'....#....#
####...##....##...#....#
...#...########...#....#
...#...#..........#....#


You could see a yak.

Vanquished Creatures
  An unseen horror (D:8)
  An orc knight (Bailey)
  Prince Ribbit (D:8)
  A yak (D:8)
  4 hogs (D:7)
  A human (D:7)
  A hungry ghost (D:7)
  3 porcupines
  2 orc warriors
  A black bear (D:8)
  2 phantoms
  A sky beast (D:5)
  A necrophage (D:9)
  4 centaurs
  4 ogres
  Blork the orc (D:5)
  A big kobold (D:8)
  A gnoll sergeant (D:8)
  7 bullfrogs
  4 scorpions
  5 wights (D:7)
  3 crimson imps
  4 howler monkeys
  4 hounds
  2 orc priests
  A bullfrog zombie (D:6)
  A centaur skeleton (D:8)
  A gnoll shaman (D:5)
  A jelly (D:6)
  8 orc wizards
  Ijyb (D:3)
  Terence (D:3)
  4 iguanas
  10 worker ants
  3 hound skeletons
  A howler monkey zombie (D:5)
  14 gnolls
  A howler monkey skeleton (D:6)
  19 adders
  A shadow imp (D:5)
  2 oozes
  An adder skeleton (D:5)
  4 worms
  2 dart slugs
  4 leopard geckos
  22 orcs
  3 ball pythons
  6 bats
  3 giant cockroaches
  11 goblins
  11 hobgoblins
  9 jackals
  4 quokkas
  4 frilled lizards
  16 kobolds
  6 rats
235 creatures vanquished.

Vanquished Creatures (collateral kills)
  Erica (D:8)
  An orc knight (Bailey)
  An ogre (D:8)
  A gnoll (D:8)
4 creatures vanquished.

Vanquished Creatures (others)
  12 fungi (D:9)
  9 plants (D:9)
21 creatures vanquished.

Grand Total: 260 creatures vanquished

Notes
Turn   | Place    | Note
-------+----------+-------------------------------------------
     0 | D:1      | kae the Merfolk Ice Elementalist began the quest for the
                  | Orb.
     0 | D:1      | Reached XP level 1. HP: 13/13 MP: 3/3
   110 | D:1      | Reached XP level 2. HP: 19/19 MP: 3/5
   466 | D:1      | Found a shimmering altar of Xom.
   475 | D:1      | Reached skill level 5 in Ice Magic
   892 | D:2      | Reached XP level 3. HP: 24/24 MP: 4/6
  1402 | D:2      | Reached XP level 4. HP: 30/30 MP: 4/8
  1600 | D:2      | Reached skill level 6 in Ice Magic
  1761 | D:2      | Reached XP level 5. HP: 35/35 MP: 3/9
  1780 | D:2      | Found a shattered altar of Ashenzari.
  2204 | D:3      | Learned a level 3 spell: Ozocubu's Armour
  2369 | D:3      | Noticed Ijyb
  2460 | D:3      | Noticed Terence
  2504 | D:3      | Found a shadowy altar of Dithmenos.
  2932 | D:3      | Reached skill level 1 in Polearms
  3143 | D:3      | Found an ornate altar of the Wu Jian Council.
  3356 | D:3      | Killed Ijyb
  3536 | D:3      | Killed Terence
  3536 | D:3      | Reached XP level 6. HP: 41/41 MP: 6/11
  3766 | D:4      | Reached skill level 7 in Ice Magic
  3827 | D:4      | Found a sparkling altar of Nemelex Xobeh.
  3871 | D:4      | Noticed a phantom
  4031 | D:4      | Killed a phantom
  4314 | D:4      | Found Taeruk's Distillery.
  4327 | D:4      | Bought a potion of heal wounds for 70 gold pieces
  4327 | D:4      | Bought a potion of lignification for 42 gold pieces
  4327 | D:4      | Bought a potion of degeneration for 14 gold pieces
  4338 | D:4      | Found a burning altar of Makhleb.
  4358 | D:4      | Reached XP level 7. HP: 22/46 MP: 7/12
  4785 | D:5      | Entered Level 5 of the Dungeon
  4914 | D:5      | Noticed Blork the orc
  4922 | D:5      | Killed Blork the orc
  4955 | D:5      | Reached skill level 8 in Ice Magic
  5206 | D:5      | Reached XP level 8. HP: 45/52 MP: 7/14
  5211 | D:5      | Reached skill level 5 in Polearms
  5842 | D:5      | Reached skill level 9 in Ice Magic
  5978 | D:5      | Reached skill level 5 in Spellcasting
  7012 | D:6      | Reached skill level 10 in Ice Magic
  7012 | D:6      | Reached XP level 9. HP: 57/57 MP: 12/17
  7112 | D:6      | Found a glowing golden altar of the Shining One.
  7169 | D:6      | Found a hide-covered altar of Uskayaw.
  7169 | D:6      | Found a glowing silver altar of Zin.
  7275 | D:6      | Found a faded altar of an unknown god.
  7277 | D:6      | Found a radiant altar of Vehumet.
  7278 | D:6      | Found a faded altar of an unknown god.
  7684 | D:7      | Found a staircase to the Ecumenical Temple.
  7699 | Temple   | Entered the Ecumenical Temple
  7786 | Temple   | Became a worshipper of Ru the Awakened
  8050 | D:7      | Found Liud's Gadget Shop.
  8442 | D:7      | Reached skill level 11 in Ice Magic
  9025 | D:7      | Reached XP level 10. HP: 53/63 MP: 11/20
  9101 | D:7      | Found a shimmering blue altar of Sif Muna.
  9101 | D:7      | Found a stormy altar of Qazlal.
  9370 | D:8      | Noticed Prince Ribbit
  9416 | D:8      | Found a flagged portal.
  9426 | Bailey   | Entered a bailey
  9437 | Bailey   | Learned a level 4 spell: Hailstorm
  9442 | Bailey   | Learned a level 4 spell: Summon Ice Beast
  9591 | Bailey   | Noticed an orc knight
  9630 | Bailey   | Noticed an orc knight
  9658 | Bailey   | Killed an orc knight
  9658 | Bailey   | Reached skill level 12 in Ice Magic
  9951 | Bailey   | Killed an orc knight
 10156 | Bailey   | Found a bloodstained altar of Trog.
 10238 | D:8      | You fall into a shaft and drop 1 floor!
 10243 | D:9      | Noticed an oklob plant
 10244 | D:9      | Noticed an oklob plant
 10246 | D:9      | Noticed an oklob plant
 10608 | D:8      | Reached skill level 10 in Polearms
 10664 | D:8      | Noticed Erica
 10675 | D:8      | Killed Erica
 10840 | D:8      | HP: 3/63 [something (8)]
 12301 | D:8      | Killed an unseen horror
 12935 | D:8      | Killed Prince Ribbit
 12935 | D:8      | Reached skill level 13 in Ice Magic
 13326 | D:8      | HP: 3/62 [yak (8)]
 13327 | D:8      | Reached XP level 11. HP: 4/67 MP: 14/22
 14575 | D:9      | Found a staircase to the Lair.
 14685 | D:8      | Slain by a yak

Levels and vault maps discovered:
D:1:      lightli_arrival_maybe_door_vault, layout_loops_ring, xom_teletrap_fun
D:2:      layout_loops_ring, serial_forest, infiniplex_forest_zigzag_2,
          infiniplex_forest_straight_2, infiniplex_forest_clump_long,
          infiniplex_forest_clump_curved, infiniplex_forest_end_2,
          ashenzari_altar_1
D:3:      layout_basic, grunt_dithmenos_smoke_and_mirrors, lemuel_round_altar,
          first_ration, serial_bayou, serial_bayou_pond_d, serial_bayou_pond_e,
          serial_bayou_pond_d, serial_bayou_pond_c, serial_bayou_lagoon_b,
          serial_bayou_ford_a, uniq_terence, uniq_ijyb
D:4:      layout_rooms, nemelex_xobeh_ov_fountains_minmay, serial_shops,
          nicolae_shop_trees, grunt_ministairs_10, bloody_makhleb
D:5:      layout_gridville, roderic_lattice_a, uniq_blork_the_orc
D:6:      layout_loops_ring, chequers_temple_overflow_minitemple,
          grunt_ministairs_5, tso_altar
D:7:      layout_cave_pods, gammafunk_temple_overflow_wave,
          minmay_temple_entry_wispy, serial_shops, kennysheep_mini_moat,
          grunt_livestock
D:8:      layout_gridville, enter_bailey_8, uniq_erica, uniq_prince_ribbit1
D:9:      layout_cross, due_lair_maze_entry_diamond, serial_shops,
          nicolae_shop_stone, kennysheep_mini, disabler_island
Temple:   nicolae_temple_great_sept

Skill      XL: |  1  2  3  4  5  6  7  8  9 10 11 |
---------------+----------------------------------+-----
Ice Magic      | 5 6 7 8 10 11 13 | 13.4
Spellcasting   | 3 4 5 6 7 8 |  8.1
Polearms       | 1 3 4 7 9 10 11 | 11.2
Dodging        | |  2.6
Stealth        | |  2.1

Action                   |  1- 3 |  4- 6 |  7- 9 | 10-12 || total
-------------------------+-------+-------+-------+-------++-------
Melee: Unarmed           |    25 |    20 |       |       ||    45
       Spear             |       |   116 |    12 |       ||   128
       Halberd           |       |       |   128 |       ||   128
       Trident           |       |       |    26 |   121 ||   147
       Tailslap          |       |       |       |     1 ||     1
 Cast: Freeze            |    54 |    90 |   207 |   126 ||   477
       Ozocubu's Armour  |       |     5 |    10 |     2 ||    17
       Summon Ice Beast  |       |       |       |    10 ||    10
       Hailstorm         |       |       |       |     5 ||     5
Invok: Reject Sacrifices |       |       |       |     1 ||     1
Evoke: Wand              |       |     5 |       |       ||     5
  Use: Scroll            |       |     9 |       |    15 ||    24
       Potion            |       |     6 |       |     5 ||    11
 Stab: Sleeping          |       |     6 |     3 |     6 ||    15
       Distracted        |       |       |     1 |     1 ||     2
  Eat: Chunk             |     2 |     5 |    18 |     6 ||    31
       Ration            |       |     2 |       |     4 ||     6
Armor: Robe              |    20 |    26 |    37 |    40 ||   123
       Skin              |       |       |       |     4 ||     4
Dodge: Dodged            |    43 |   110 |   183 |   156 ||   492

Table legend:
 A = Non-vault XP
 B = Vault XP
 C = Vault XP percentage of total XP
 D = Non-vault monster count
 E = Vault monster count
 F = Vault count percentage of total count
                 A         B        C        D         E       F
            +---------+---------+-------+---------+---------+-------
      Total |    6156 |    4119 |  40.1 |     203 |      36 |  15.1
            +---------+---------+-------+---------+---------+-------
        D:1 |      33 |       0 |   0.0 |      18 |       0 |   0.0
        D:2 |     142 |       0 |   0.0 |      30 |       0 |   0.0
        D:3 |      88 |      76 |  46.3 |      14 |       2 |  12.5
        D:4 |     408 |       2 |   0.5 |      21 |       1 |   4.5
        D:5 |    1061 |      99 |   8.5 |      39 |       1 |   2.5
        D:6 |     899 |       0 |   0.0 |      25 |       0 |   0.0
        D:7 |    1047 |     975 |  48.2 |      20 |       5 |  20.0
        D:8 |    2302 |    1453 |  38.7 |      29 |       7 |  19.4
        D:9 |     176 |     407 |  69.8 |       7 |       4 |  36.4
     Bailey |       0 |    1107 | 100.0 |       0 |      16 | 100.0
            +---------+---------+-------+---------+---------+-------
